 Dungeon Crawl Stone Soup version 0.23-a0-650-ga4d50d4 (webtiles) character file.

3322 Amnesiac the Geomancer (level 9, 37/37 HPs)
             Began as a Felid Earth Elementalist on Jan 4, 2019.
             Was a Priest of Ashenzari.
             Quit the game on level 9 of the Dungeon.
             The game lasted 00:21:30 (10161 turns).

Amnesiac the Geomancer (Felid Earth Elementalist)  Turns: 10161, Time: 00:21:30

Health: 37/37      AC:  2    Str:  4    XL:     9   Next: 71%
Magic:  20/20      EV: 23    Int: 20    God:    Ashenzari [***...]
Gold:   396        SH:  0    Dex: 17    Spells: 7/22 levels left
                                        Lives:  1   Deaths: 1

rFire    . . .     SeeInvis +     - Unarmed
rCold    . . .     Gourm    .   (shield unavailable)
rNeg     . . .     Faith    .   (armour unavailable)
rPois    .         Spirit   .   (helmet unavailable)
rElec    .         Reflect  .   (cloak unavailable)
rCorr    .         Harm     .   (gloves unavailable)
MR       +....                  (boots unavailable)
Stlth    ++++......             o - amulet of regeneration (curse)
HPRegen  0.52/turn              l - ring of wizardry (curse)
MPRegen  0.17/turn              (no ring)

@: quick
A: very small, no armour, no weapons or thrown items, stealth, claws 1, fangs 3,
see invisible, carnivore, speed 1, shaggy fur 2, slow metabolism 1, sharp paws
a: Curse Item, Scrying, Renounce Religion


You were on level 9 of the Dungeon.
You worshipped Ashenzari.
Ashenzari was most pleased with you.
You were not hungry.

You visited 1 branch of the dungeon, and saw 10 of its levels.
You also visited: Sewer.

You collected 396 gold pieces.

Inventory:

Missiles
 b - 215 stones
Jewellery
 l - a cursed ring of wizardry (left paw)
 o - a cursed amulet of regeneration (around neck)
Wands
 i - a wand of iceblast (6)
 v - a wand of scattershot (5)
 w - a wand of flame (24)
Scrolls
 a - 3 scrolls of identify {!r}
 d - 2 scrolls of fog {!r}
 k - 2 scrolls of fear {!r}
 p - 4 scrolls of teleportation {!r}
 q - a scroll of blinking {!r}
 s - 5 scrolls of remove curse {!r}
 y - a scroll of magic mapping {!r, unknown}
Potions
 e - 3 potions of lignification {!q}
 f - a potion of haste {!q}
 g - 2 potions of mutation {!q}
 h - 5 potions of might {!q}
 j - a potion of cancellation {!q}
 m - 2 potions of berserk rage {!q}
 n - 2 potions of flight {!q}
 r - a potion of resistance {!q}
 t - a potion of magic {!q}
 u - a potion of heal wounds {!q, unknown}
 z - a potion of invisibility {!q, unknown}
 A - a potion of ambrosia {!q, unknown}
Comestibles
 c - 18 rations


   Skills:
 + Level 2.7 Fighting
 * Level 7.9 Dodging
 + Level 8.3 Stealth
 - Level 5.0 Unarmed Combat
 - Level 7.1 Spellcasting
 - Level 1.1(2.2) Transmutations
 - Level 10.2(11.9) Earth Magic


You had 7 spell levels left.
You knew the following spells:

 Your Spells              Type           Power        Failure   Level  Hunger
a - Stone Arrow           Conj/Erth      ####..       1%          3    #......
b - Passwall              Tmut/Erth      #####...     1%          2    None
c - Sandblast             Erth           ######       1%          1    None
d - Lee's Rapid Deconstr  Erth           ######....   1%          5    #####..
e - Petrify               Tmut/Erth      #####...     1%          4    ###....

Your spell library contained the following spells:

 Spells                   Type           Power        Failure   Level  Hunger


Dungeon Overview and Level Annotations

Branches:
Dungeon (10/15)            Temple (0/1) D:5            Lair (0/6) D:8
    Orc: D:9-12

Altars:
Ashenzari
Elyvilon
Fedhas
Hepliaklqana
Makhleb
Nemelex Xobeh
Okawaru
Trog
Vehumet
Wu Jian
Xom
Yredelemnul
Zin
The Shining One

Annotations:
D:3 3 runed doors, MisterFreud's ghost, amateur OpFi
D:6 1 runed door


Innate Abilities, Weirdness & Mutations

You cannot wear armour.
You are incapable of wielding weapons or throwing items.
Your paws allow you to move quietly. (Stealth)
You have sharp claws.
You have razor-sharp teeth.
You have supernaturally acute eyesight. (SInv)
You are carnivorous and can eat meat at any time.
You cover ground quickly.
You are covered in thick fur. (AC +2)
You have a slow metabolism.
Your sharp claws are effective at attacking unaware monsters.


Message History

Phyphor's ghost is almost destroyed.
Unknown command.
Evoke which item? (* to show all) (? for menu, Esc to quit)
Aiming: Iceblast
Press: ? - help, Shift-Dir - straight line, f/p - phyphor's ghost
Aim: phyphor's ghost (almost destroyed)
The mass of ice explodes!
The iceblast engulfs phyphor's ghost.
Phyphor's ghost is almost destroyed.
There is a stone staircase leading down here.
Phyphor's ghost hits you.
You climb downwards.
The vampire misses you. The vampire completely misses you.
The vampire hits you! The vampire closely misses you.
There is a stone staircase leading up here.
Phyphor's ghost completely misses you.
Evoke which item? (* to show all) (? for menu, Esc to quit)
Aiming: Scattershot
Press: ? - help, Shift-Dir - straight line, f - vampire
Aim: a vampire The burst of metal fragments hits the vampire.
The burst of metal fragments hits phyphor's ghost. x3
Phyphor's ghost is almost destroyed.
Phyphor's ghost hits you! The vampire completely misses you.
The vampire closely misses you.
Unknown command.
Evoke which item? (* to show all) (? for menu, Esc to quit)
Aiming: Iceblast
Press: ? - help, Shift-Dir - straight line, p - vampire The mass of ice explodes!
The iceblast engulfs phyphor's ghost.
You destroy phyphor's ghost!
Your Stealth skill increases to level 8!
The iceblast engulfs the vampire.
The vampire partially resists.
The vampire is lightly damaged.
The vampire casts a spell at you.
You are confused.
A two-headed ogre opens the door.
Unknown command.
The vampire closely misses you. The vampire barely misses you.
Okay, then.
The vampire casts a spell.
The vampire flickers and vanishes for a moment.
There is a stone staircase leading up here.
The vampire hits you.
* * * LOW HITPOINT WARNING * * *
The vampire misses you.
In your confused state, you trip and fall back down the stairs.
* * * LOW HITPOINT WARNING * * *
You feel less confused. The vampire hits you!
* * * LOW HITPOINT WARNING * * *
The vampire barely misses you. The vampire barely misses you.
The vampire completely misses you.
You climb upwards.
There is a stone staircase leading down, spattered with blood here.
The vampire completely misses you. The vampire bites you!
You die...
The vampire draws strength from your injuries!
You are now level 9!
You rejoin the land of the living...
Unknown command.
You can't grasp things well enough to throw them.
Unknown command.
You can't remove your fur, sorry.
You can't grasp things well enough to throw them.
Are you sure you want to abandon this character and quit the game? (Confirm

....................(......######
.#######..#####..................
....# #.## #.................#
....# #.# ###..........##......
..(.####.####...........#######..
..............................[..
..........#####..........########
....##.#.....##..........# #
....##.#####....@........#
....##.# ###...........# ######.#
#.#.......<## .# #.#
#.##......######### .# #.#
#.#######.........# .# ##.#
#.#######.......<.# .# #..#
#.......#W........## ## #.##
#######...........#. ##.#
#...)............


There were no monsters in sight!

Vanquished Creatures
  The ghost of phyphor the Cleaver, a novice DsBe of Trog (D:10)
  Pikel (D:4)
  Maurice (D:8)
  A merfolk (D:9)
  A hippogriff (D:9)
  Sigmund (D:4)
  2 spriggans (D:9)
  4 yaks (D:8)
  A human (D:2)
  A basilisk (D:8)
  A wraith (D:10)
  2 porcupines (D:8)
  An ice beast (D:8)
  3 orc warriors
  A black bear (D:9)
  2 slaves (D:4)
  2 phantoms
  A necrophage (D:6)
  4 ogres
  3 centaurs
  A wolf (D:9)
  3 crocodiles (D:8)
  3 bullfrogs
  A wyvern skeleton (D:6)
  2 scorpions
  3 killer bees
  A howler monkey (D:6)
  5 crimson imps
  A centaur zombie (D:9)
  3 jellies
  2 orc priests
  A bullfrog skeleton (D:7)
  5 hounds
  A centaur skeleton (D:8)
  An iguana (D:8)
  6 orc wizards
  4 worker ants
  A worker ant zombie (D:8)
  3 gnolls (D:7)
  11 adders
  A shadow imp (D:7)
  An adder skeleton (D:4)
  A worm (D:3)
  2 dart slugs (D:1)
  5 leopard geckos
  16 orcs
  3 ball pythons
  14 giant cockroaches
  6 goblins
  6 hobgoblins
  3 jackals (D:3)
  6 bats
  13 frilled lizards
  A goblin skeleton (D:2)
  A jackal zombie (D:2)
  7 kobolds
  A kobold skeleton (D:2)
  A leopard gecko zombie (D:7)
  4 rats
184 creatures vanquished.

Vanquished Creatures (others)
  A slave (D:4)
  2 fungi
  7 plants
10 creatures vanquished.

Grand Total: 194 creatures vanquished

Notes
Turn   | Place    | Note
-------+----------+-------------------------------------------
     0 | D:1      | Amnesiac the Felid Earth Elementalist began the quest for
                  | the Orb.
     0 | D:1      | Reached XP level 1. HP: 7/7 MP: 4/4
   436 | D:2      | Found a runed door.
   436 | D:2      | Noticed a human
   439 | D:2      | Reached skill level 3 in Earth Magic
   442 | D:2      | Found a basalt altar of Yredelemnul.
   447 | D:2      | Reached XP level 2. HP: 11/11 MP: 6/6
   457 | D:2      | Learned a level 2 spell: Passwall
   594 | D:3      | Noticed MisterFreud's ghost (amateur OpFi)
   621 | D:3      | Found an iron altar of Okawaru.
   622 | D:3      | Found a white marble altar of Elyvilon.
   624 | D:3      | Found a basalt altar of Yredelemnul.
   681 | D:3      | Found a shattered altar of Ashenzari.
   681 | D:3      | Found a burning altar of Makhleb.
   691 | D:3      | Reached XP level 3. HP: 7/14 MP: 0/7
   716 | D:3      | Found a shimmering altar of Xom.
   748 | D:3      | Found a blossoming altar of Fedhas.
   748 | D:3      | Found a sparkling altar of Nemelex Xobeh.
   762 | D:3      | Became a worshipper of Ashenzari the Shackled
   816 | D:4      | Noticed an ogre
  1082 | D:3      | Found a runed gate.
  1083 | D:3      | Found a runed gate.
  1084 | D:3      | Found a runed gate.
  2264 | D:1      | Reached XP level 4. HP: 4/18 MP: 6/8
  2452 | D:1      | Learned a level 4 spell: Petrify
  2782 | D:2      | Found a glowing silver altar of Zin.
  3084 | D:2      | Killed a human
  3084 | D:2      | Reached skill level 4 in Earth Magic
  3084 | D:2      | Reached XP level 5. HP: 21/21 MP: 6/10
  3167 | D:3      | Found an ornate altar of the Wu Jian Council.
  3817 | D:4      | Noticed Pikel
  3817 | D:4      | Noticed a slave
  3817 | D:4      | Noticed a slave
  3817 | D:4      | Noticed a slave
  3832 | D:4      | Noticed a slave
  3857 | D:4      | Killed a slave
  3963 | D:4      | Noticed a phantom
  3991 | D:4      | Killed Pikel
  3991 | D:4      | Reached skill level 6 in Earth Magic
  3991 | D:4      | Gained mutation: You are covered in thick fur. (AC +2)
                  | [Felid growth]
  3991 | D:4      | Reached XP level 6. HP: 11/24 MP: 1/13
  3991 | D:4      | Reached XP level 7. HP: 12/27 MP: 1/14
  3998 | D:4      | Learned a level 5 spell: Lee's Rapid Deconstruction
  4011 | D:4      | Reached * piety under Ashenzari
  4479 | D:4      | Noticed Sigmund
  4505 | D:4      | Killed Sigmund
  4505 | D:4      | Reached XP level 8. HP: 21/31 MP: 9/16
  4764 | D:4      | Reached skill level 1 in Unarmed Combat
  4782 | D:5      | Entered Level 5 of the Dungeon
  4832 | D:5      | Found a glowing drain.
  4834 | Sewer    | Entered a sewer
  5648 | D:5      | Found a staircase to the Ecumenical Temple.
  6019 | D:5      | Found a radiant altar of Vehumet.
  6032 | D:5      | Reached skill level 7 in Earth Magic
  6080 | D:5      | Reached skill level 5 in Spellcasting
  6373 | D:5      | Reached ** piety under Ashenzari
  6661 | D:6      | Found a glowing golden altar of the Shining One.
  6669 | D:6      | Found a runed door.
  6669 | D:6      | Noticed an angel
  7242 | D:6      | Found a hazy altar of Hepliaklqana.
  7281 | D:6      | Reached skill level 5 in Dodging
  7340 | D:7      | Reached skill level 8 in Earth Magic
  7340 | D:7      | Reached XP level 9. HP: 34/34 MP: 5/18
  7926 | D:8      | Found a radiant altar of Vehumet.
  7944 | D:8      | Found a bloodstained altar of Trog.
  8079 | D:8      | Noticed Maurice
  8135 | D:8      | Reached skill level 9 in Earth Magic
  8279 | D:8      | Killed Maurice
  8490 | D:8      | Reached XP level 10. HP: 37/37 MP: 3/21
  8670 | D:8      | Reached *** piety under Ashenzari
  8675 | D:8      | Found a staircase to the Lair.
  9001 | D:9      | Reached skill level 10 in Earth Magic
  9018 | D:9      | Found a runed door.
  9127 | D:9      | Reached skill level 5 in Unarmed Combat
  9290 | D:9      | Reached skill level 1 in Fighting
  9685 | D:9      | Noticed phyphor's ghost (novice DsBe)
  9688 | D:9      | Identified the cursed +1 trident "Dragon's Tongue" {venom,
                  | MR+ Dex+4}
  9723 | D:10     | Entered Level 10 of the Dungeon
  9921 | D:9      | Learned a level 3 spell: Stone Arrow
 10149 | D:10     | Killed phyphor's ghost
 10150 | D:10     | Noticed a two-headed ogre
 10160 | D:9      | Slain by a vampire
 10161 | D:9      | Reached XP level 9. HP: -1/37 MP: 3/20
 10161 | D:9      | Quit the game

Vault maps used:
D:1:      ncdulo_halloftheorcs, serial_co_window_serial, co_window_corner_a,
          co_window_paths_a, co_window_paths_a, co_window_cross_1,
          co_window_paths_a, co_window_corner_b, co_window_broadway_b,
          co_window_cross_3, co_window_broadway_c, co_window_corner_ca,
          co_window_4corner_a, glass_columns_b, hangedman_decor_opposing
D:2:      zin_academy, first_ration, dk_yredelemnul_ordeal
D:3:      grunt_temple_overflow_open, nicolae_overflow_hidden_temple,
          overflow_temple_1_default, gammafunk_ghost_split,
          kennysheep_small_spiral, chequers_big_river
D:4:      uniq_sigmund, uniq_pikel
D:5:      temple_statues, portal_sewer_entry_e, serial_corexii_hall,
          corexii_hall_statues_l, corexii_hall_statues_deadend,
          vehumet_altar_wand_db
D:6:      kennysheep_mini, lemuel_angel_altar
D:7:      nrook_uturn
D:8:      lemuel_crystal_altar, lemuel_crystal_altar, minmay_lair_entry_grove,
          uniq_maurice
D:9:      ebering_ghost_funeral_grove, hangedman_fish_farm
D:10:     gammafunk_ghost_icy
Sewer:    sewer_frog_island_01

Skill      XL: |  1  2  3  4  5  6  7  8  9 10 |
---------------+-------------------------------+-----
Earth Magic    | 3 4 6 8 9 10 | 10.2
Stealth        | 3 4 6 7 8 |  8.3
Spellcasting   | 3 4 5 6 7 |  7.1
Unarmed Combat | 2 4 5 |  5.0
Dodging        | 5 7 |  7.9
Fighting       | 2 |  2.7
Transmutations | |  1.1

Action                   |  1- 3 |  4- 6 |  7- 9 | 10-12 || total
-------------------------+-------+-------+-------+-------++-------
Melee: Unarmed           |   134 |    42 |   251 |    73 ||   500
       Bite              |     6 |     3 |    24 |     2 ||    35
       Punch             |       |       |     1 |     1 ||     2
 Cast: Sandblast         |    12 |    24 |    39 |    16 ||    91
       Passwall          |     5 |     1 |     6 |     1 ||    13
       Petrify           |       |     2 |    33 |    15 ||    50
       Lee's Rapid Decon |       |       |    15 |    14 ||    29
       Stone Arrow       |       |       |       |    10 ||    10
Invok: Curse Item        |     1 |     1 |       |       ||     2
Evoke: Wand              |       |       |       |     5 ||     5
  Use: Potion            |     1 |       |       |       ||     1
       Scroll            |       |       |    15 |       ||    15
 Stab: Sleeping          |    12 |     8 |    16 |     7 ||    43
       Petrified         |       |    10 |    46 |    16 ||    72
       Petrifying        |       |     1 |    10 |     2 ||    13
       Distracted        |       |       |     1 |       ||     1
  Eat: Chunk             |    11 |     3 |    19 |     9 ||    42
Armor: Skin              |    19 |       |    21 |     2 ||    42
Dodge: Dodged            |   118 |    27 |   214 |    57 ||   416

Table legend:
 A = Non-vault XP
 B = Vault XP
 C = Vault XP percentage of total XP
 D = Non-vault monster count
 E = Vault monster count
 F = Vault count percentage of total count
                 A         B        C        D         E       F
            +---------+---------+-------+---------+---------+-------
      Total |    4262 |    5151 |  54.7 |     135 |      43 |  24.2
            +---------+---------+-------+---------+---------+-------
        D:1 |      53 |       0 |   0.0 |      28 |       0 |   0.0
        D:2 |      37 |     203 |  84.6 |      12 |       4 |  25.0
        D:3 |      64 |       0 |   0.0 |      11 |       0 |   0.0
        D:4 |     432 |     878 |  67.0 |      10 |       2 |  16.7
        D:5 |     400 |       2 |   0.5 |      15 |       1 |   6.2
        D:6 |     631 |       0 |   0.0 |       8 |       0 |   0.0
        D:7 |     712 |       0 |   0.0 |      18 |       0 |   0.0
        D:8 |     507 |    2324 |  82.1 |      10 |      14 |  58.3
        D:9 |    1228 |     863 |  41.3 |      22 |       4 |  15.4
       D:10 |     198 |     830 |  80.7 |       1 |       1 |  50.0
      Sewer |       0 |      51 | 100.0 |       0 |      17 | 100.0
            +---------+---------+-------+---------+---------+-------
